Map: Ruins of Endion

Players

Miszu - Winner!

  • Race: Terran Terran
  • League: Grandmaster

Busker

  • Race: Zerg Zerg
  • League: Grandmaster

VOD

Have the link to the VOD?

Description

Time

  • Played on: May 28, 2016, 3:54 p.m.
  • Length: 12:25
Show
View Real Time Build Order
Export as new Build Order

Miszu Terran - Winner!

Build Orders: Reaper Expand, MMM Bio 

Get SALT Encoding   

  12  0:00  SCV  
  13  0:12  SCV  
  14  0:18  Supply Depot  
  14  0:25  SCV  
  15  0:39  SCV  
  15  0:41  Barracks  
  16  0:43  Refinery  
  16  0:51  SCV  
  17  1:06  SCV  
  18  1:20  SCV  
  19  1:29  Reaper  
  19  1:32  Orbital Command  
  20  1:43  Command Center  
  20  1:56  Supply Depot  
  20  1:58  SCV  
  21  2:08  Marine  
  22  2:10  SCV  
  22  2:13  Factory  
  23  2:22  SCV  
  24  2:28  Barracks Reactor  
  24  2:34  SCV  
  25  2:47  Command Center  
  25  2:48  SCV  
  26  3:02  SCV, Orbital Command  
  27  3:12  Barracks  
  27  3:15  SCV  
  27  3:16  Barracks Tech Lab  
  28  3:23  Hellion x2  
  33  3:27  SCV x2  
  34  3:34  Stimpack  
  34  3:38  Marine  
  34  3:39  SCV x2  
  37  3:47  Refinery  
  37  3:51  SCV  
  37  3:52  SCV  
  39  3:58  Marine  
  39  4:00  Factory Reactor, Orbital Command  
  39  4:01  Barracks  
  40  4:03  SCV  
  40  4:04  SCV  
  42  4:10  Engineering Bay  
  42  4:11  Engineering Bay  
  42  4:15  SCV  
  42  4:16  SCV  
  44  4:18  Supply Depot  
  44  4:20  Marine  
  44  4:22  Marine  
  46  4:24  Marine  
  46  4:27  SCV  
  46  4:28  SCV  
  49  4:31  Refinery  
  49  4:32  Refinery  
  49  4:39  Terran Infantry Armor Level 1, SCV  
  49  4:40  Terran Infantry Weapons Level 1, SCV  
  49  4:42  Factory Reactor  
  50  4:48  Marine x2  
  50  4:49  Marine  
  50  4:51  SCV  
  50  4:52  SCV  
  55  4:55  Marine  
  55  4:56  Marine  
  57  5:01  Starport  
  57  5:03  SCV  
  57  5:06  Marine x2  
  57  5:07  Marine  
  56  5:13  Marine x2  
  58  5:20  Orbital Command  
  57  5:24  Marine x2  
  57  5:28  Marine  
  43  5:31  Marine x2  
  37  5:39  Combat Shields  
  37  5:42  Marine x2, SCV x2  
  41  5:45  Marine, SCV  
  41  5:47  Medivac x2  
  41  5:49  Marine x2  
  48  5:54  SCV  
  43  5:59  Marine  
  39  6:05  Marine x2  
  39  6:07  Marine x2, SCV  
  39  6:09  SCV  
  43  6:14  SCV  
  43  6:17  Marine  
  45  6:20  SCV  
  45  6:21  SCV  
  45  6:22  Marine  
  45  6:23  Marine  
  45  6:25  Marine  
  50  6:26  SCV  
  50  6:27  Marine  
  50  6:35  Marine  
  50  6:39  SCV x3  
  53  6:40  Marine  
  53  6:41  Marine  
  53  6:42  Marine  
  56  6:47  Marine  
  56  6:51  SCV x3  
  56  6:53  Marine  
  61  7:06  Supply Depot  
  61  7:10  Marine  
  61  7:13  Marine  
  61  7:14  SCV  
  61  7:19  SCV  
  61  7:20  SCV  
  61  7:22  Marine  
  61  7:24  Marine  
  61  7:26  Marine  
  61  7:28  SCV  
  61  7:36  Supply Depot  
  61  7:43  Marine x3, Medivac x2, SCV  
  69  7:48  Armory  
  69  7:57  Marine  
  69  7:58  Marauder, SCV x3  
  75  8:00  Marine x2  
  75  8:05  Factory Tech Lab  
  77  8:21  Supply Depot  
  77  8:24  Supply Depot, Marine  
  77  8:32  Marine x2  
  77  8:33  Marine, SCV  
  77  8:34  SCV  
  77  8:36  SCV  
  77  8:37  Marine  
  76  8:42  Marine, Siege Tank  
  76  8:45  SCV, Terran Infantry Weapons Level 2  
  76  8:46  SCV  
  76  8:48  SCV  
  79  8:50  Marine x2  
  79  8:51  Marine  
  79  8:55  Marine  
  82  8:57  SCV  
  82  8:59  Marine  
  82  9:00  Medivac x2  
  88  9:02  Supply Depot  
  88  9:06  SCV  
  88  9:08  Marine x2, Barracks  
  88  9:09  Barracks  
  90  9:11  Marine  
  90  9:13  Marine  
  92  9:17  Marine  
  91  9:24  Siege Tank, SCV  
  91  9:25  SCV x2  
  91  9:26  Marine  
  91  9:29  Marine  
  100  9:32  Supply Depot  
  100  9:33  Supply Depot  
  100  9:35  Medivac  
  101  9:53  Marine x5, SCV x3  
  101  9:56  Marine  
  109  10:11  Marine x4  
  87  10:29  Marine, Marauder  
  87  10:31  Marine  
  87  10:34  Marine x4  
  90  10:47  Marine  
  90  10:48  Marine  
  82  10:51  Marauder  
  82  10:52  Marine x4  
  80  11:05  Marine  
  80  11:12  Marauder  
  80  11:33  Marauder  
Show
View Real Time Build Order
Export as new Build Order

Busker Zerg 

Build Orders: Hatch First 

Get SALT Encoding   

  12  0:01  Drone  
  13  0:13  Overlord  
  13  0:17  Drone  
  14  0:32  Drone x2  
  16  0:37  Drone  
  17  0:54  Hatchery  
  17  0:56  Drone  
  17  0:58  Drone  
  18  1:10  Extractor  
  17  1:13  Spawning Pool  
  17  1:16  Drone  
  17  1:19  Drone  
  18  1:30  Drone  
  19  1:43  Overlord  
  19  1:53  Drone  
  20  2:01  Zergling x2, Queen  
  20  2:05  Zergling x2, Queen  
  26  2:10  Metabolic Boost  
  26  2:11  Drone  
  27  2:16  Drone  
  28  2:23  Drone  
  29  2:30  Spore Crawler  
  29  2:37  Drone x2  
  29  2:38  Drone  
  32  2:49  Drone x2  
  34  2:55  Drone  
  34  2:57  Hatchery  
  33  2:59  Queen  
  33  3:03  Pneumatized Carapace  
  33  3:05  Drone  
  36  3:11  Overlord  
  36  3:14  Overlord  
  36  3:26  Roach Warren, Drone  
  36  3:30  Drone x4  
  36  3:32  Drone  
  41  3:34  Drone  
  41  3:38  Drone  
  41  3:41  Drone  
  44  3:42  Drone x2  
  44  3:46  Overlord  
  44  3:48  Drone  
  47  3:53  Extractor  
  46  3:59  Overlord  
  46  4:00  Overlord  
  48  4:10  Roach x5  
  48  4:11  Roach  
  58  4:21  Roach x2  
  58  4:23  Zergling x8  
  66  4:31  Zergling x2  
  66  4:32  Zergling x2  
  69  4:38  Zergling x2  
  68  4:46  Zergling x16  
  68  4:50  Overlord  
  76  4:54  Overlord  
  76  4:58  Ravager x2  
  77  5:13  Zergling x6, Ravager  
  77  5:14  Zergling x8  
  82  5:25  Zergling x18  
  84  5:35  Zergling x4  
  81  5:38  Zergling x2  
  81  5:40  Ravager  
  81  5:41  Ravager  
  82  5:44  Zergling x2  
  82  5:45  Zergling x2  
  82  5:46  Overlord  
  80  5:55  Zergling x2  
  80  5:56  Zergling x2  
  58  6:05  Zergling x4  
  58  6:07  Zergling x2  
  59  6:11  Zergling x2  
  59  6:14  Zergling x10  
  65  6:21  Zergling x14  
  72  6:27  Evolution Chamber x2  
  72  6:29  Zergling x2  
  68  6:38  Drone x2  
  62  6:41  Overlord  
  62  6:49  Overlord x2  
  62  6:50  Roach x2  
  62  6:51  Roach x5  
  62  6:53  Zerg Missile Weapons Level 1, Zerg Ground Armor Level 1  
  76  6:59  Roach  
  78  7:15  Roach x4  
  80  7:27  Zergling x18  
  82  7:40  Roach x3  
  82  7:41  Roach  
  89  7:44  Zergling x4  
  89  7:45  Zergling x6  
  89  7:50  Zergling x2  
  89  7:51  Zergling x2  
  94  7:55  Zergling x2  
  94  8:00  Zergling x4  
  94  8:02  Overlord  
  94  8:04  Zergling x4  
  98  8:07  Ravager x2  
  98  8:10  Zergling x14  
  107  8:15  Zergling x2  
  108  8:25  Zergling x6  
  101  8:42  Roach  
  101  8:43  Roach x8  
  109  9:04  Roach x5  
  109  9:08  Zergling x16  
  127  9:23  Zergling x8  
  129  9:40  Roach x4  
  137  9:46  Zergling x2  
  137  9:49  Overlord x2  
  137  9:50  Overlord  
  130  10:10  Zergling x22  
  119  10:23  Zergling x12  
  119  10:26  Ravager  
  119  10:27  Ravager x3  
  122  10:28  Zergling x2  
  87  10:53  Zergling x14  
Tags
 
Add a new tag
Caveats
  • Supply blocks, unpowered buildings, or Contaminate may cause inaccurate times.
  • Supply counts are checked every 10 seconds.